 Dungeon Crawl Stone Soup version 0.30.0-13-g156ef70053 (webtiles) character file.

Game seed: 14546652690801767120

32 GigaChad the Shield-Bearer (level 3, -3/30 HPs)
             Began as a Formicid Fighter on May 17, 2023.
             Was a Follower of Elyvilon.
             Slain by a gnoll
             ... wielding a +0 spear
              (5 damage)
             ... on level 2 of the Dungeon.
             The game lasted 00:01:07 (909 turns).

GigaChad the Shield-Bearer (Formicid Fighter)        Turns: 909, Time: 00:01:08

Health: -3/30      AC:  6    Str: 22    XL:     3   Next: 45%
Magic:  3/3        EV:  9    Int:  7    God:    Elyvilon [*.....]
Gold:   56         SH:  5    Dex: 13    Spells: 2/2 levels left

rFire   . . .        a - +0 war axe
rCold   . . .        c - +0 buckler
rNeg    . . .        b - +0 scale mail
rPois   .            (helmet unavailable)
rElec   .            (no cloak)
rCorr   .            (no gloves)
SInv    +            (no boots)
Will    .....        (no amulet) Stlth
                     (no ring)
HPRegen 0.25/turn    (no ring)
MPRegen 0.08/turn

%: no passive effects
@: no status effects
A: permanent stasis, dig shafts and tunnels, antennae 3, four strong arms
a: Dig, Shaft Self, Renounce Religion, Purification


You were on level 2 of the Dungeon.
You worshipped Elyvilon.
Elyvilon was aware of your devotion.
You visited 1 branch of the dungeon, and saw 2 of its levels.

You collected 56 gold pieces.

Inventory:

Hand Weapons
 a - a +0 war axe (weapon)
Armour
 b - a +0 scale mail (worn)
 c - a +0 buckler (worn)
Jewellery
 j - a ring of positive energy
Scrolls
 f - a scroll of silence {unknown}
 g - a scroll of noise {unknown}
 h - a scroll of amnesia {unknown}
 l - a scroll of identify {unknown}
Potions
 d - a potion of might
 e - a potion of curing {unknown}
 i - a potion of brilliance {unknown}
 k - a potion of flight {unknown}


   Skills:
 * Level 3.6 Fighting
 * Level 2.5 Axes
 * Level 3.6 Armour
 * Level 4.4 Shields


You had 2 spell levels left.
You didn't know any spells.
Your spell library contained the following spells:

 Spells                   Type           Power      Damage    Failure   Level
 Apportation              Tloc           0%         N/A       82%         1
 Necrotise                Necr           0%         1d4       82%         1
 Summon Small Mammal      Summ           0%         N/A       82%         1


Dungeon Overview and Level Annotations

Branches:
Dungeon (2/15)

Altars:
Elyvilon

Shops:
D:1 !


Innate Abilities, Weirdness & Mutations

You cannot be hasted, slowed, berserked, paralysed or teleported.
You can dig through walls and to a lower floor.
You have a pair of large antennae on your head. (SInv)
Your four strong arms can wield two-handed weapons with a shield.


Message History

You completely miss the gnoll. You block the gnoll's attack.
You barely miss the gnoll. You block the gnoll's attack. x2
You slash the gnoll!
The gnoll is almost dead.
You slash the endoplasm!
You kill the endoplasm!
The gnoll hits you from afar with a +0 spear. x2
You closely miss the gnoll.
The gnoll is almost dead.
A jackal comes into view.
The gnoll hits you with a +0 whip. The gnoll closely misses you.
You barely miss the gnoll.
The gnoll is almost dead.
The jackal barks!
You hit the gnoll. The gnoll hits you with a +0 whip.
The gnoll hits you with a +0 flail. The gnoll hits you but does no damage.
A jackal comes into view.
The gnoll closely misses you.
The gnoll hits you from afar with a +0 spear.
You closely miss the gnoll.
The gnoll is almost dead.
You closely miss the gnoll.
The jackal barks!
You hear a bark!
You hear a shout!
A jackal comes into view.
A ball python comes into view.
The gnoll barely misses you. You block the gnoll's attack.
The gnoll hits you with a +0 whip.
* * * LOW HITPOINT WARNING * * *
A jackal comes into view.
The ball python moves out of view.
The jackal barks!
You hit the gnoll.
The gnoll is almost dead.
You slash the gnoll!
You kill the gnoll!
The gnoll hits you with a +0 whip.
* * * LOW HITPOINT WARNING * * *
The gnoll closely misses you.
A quokka comes into view.
The gnoll hits you from afar with a +0 spear.
You die...

..... S....
..h... r.h.(.
....h.# .....g.
(.....h##
#.g@#####...
#...<.<.....
....#..#####...
...# ##.# ##
#.. { ... ##.
#.


You could see 2 gnolls, a quokka, 4 jackals and a ball python (wandering).

Vanquished Creatures
  A gnoll (D:2)
  A dart slug (D:1)
  2 ball pythons (D:1)
  4 bats (D:1)
  7 endoplasms
  A giant cockroach (D:1)
  2 goblins (D:1)
  3 quokkas (D:1)
  2 frilled lizards (D:1)
  2 kobolds (D:1)
  3 rats (D:1)
28 creatures vanquished.

Notes
Turn   | Place    | Note
-------+----------+-------------------------------------------
     0 | D:1      | GigaChad the Formicid Fighter began the quest for the Orb.
     0 | D:1      | Reached XP level 1. HP: 18/18 MP: 1/1
   133 | D:1      | Reached XP level 2. HP: 23/24 MP: 2/2
   238 | D:1      | Found Datuem's Distillery.
   455 | D:1      | Reached XP level 3. HP: 29/29 MP: 3/3
   553 | D:1      | Found a faded altar of an unknown god.
   577 | D:1      | Prayed at the altar of an unknown god.
   577 | D:1      | Became a worshipper of Elyvilon the Healer
   577 | D:1      | Reached * piety under Elyvilon
   909 | D:2      | Slain by a gnoll

Illustrated notes

Levels and vault maps discovered:
D:1:      erik_arrival_cave_to_civilisation [erik_arrival_cave_to_hall],
          layout_basic, serial_shops, shop, hellmonk_ecumenical_altar_zigzags
D:2:      layout_rooms, basic_altar, serial_shops, shop,
          small_statue_intersection, minmay_close_crescents

Action                     || total
---------------------------++-------
  Melee: War axe           ||    67
Ability: Dig               ||     5
 Armour: Scale mail        ||    21
  Dodge: Dodged            ||    29
  Block: Buckler           ||    28
